 Dungeon Crawl Stone Soup version 0.29.0-4-gdea44cf6ec (webtiles) character file.

Game seed: 9130416537081107518

134392 qw the Peltast (level 16, -6/155 HPs)
             Began as a Minotaur Berserker on Sept 5, 2022.
             Was a Priest of Trog.
             Drowned by a water elemental (13 damage)
             ... led by a merfolk aquamancer
             ... on level 3 of the Shoals.
             The game lasted 00:12:08 (32825 turns).

qw the Peltast (Minotaur Berserker)                Turns: 32825, Time: 00:12:09

Health: -6/155     AC: 30    Str: 30    XL:     16   Next: 62%
Magic:  15/15      EV: 13    Int:  8    God:    Trog [***...]
Gold:   628        SH: 19    Dex: 10    Spells: 15/15 levels left

rFire   . . .      SeeInvis +   w - +2 broad axe
rCold   . . .      Faith    .   p - +0 tower shield
rNeg    + . .      Spirit   .   j - +4 plate armour
rPois   +          Reflect  .   s - +2 hat
rElec   .          Harm     .   b - +1 cloak
rCorr   .          Rampage  .   r - +2 pair of gloves
Will    +....                   i - +0 pair of boots
Stlth   ..........              l - amulet of regeneration
HPRegen 1.15/turn               y - ring of Alintem {rPois rN+ Int+4 SInv}
MPRegen 0.14/turn               x - +4 ring of evasion

@: engulfed (cannot breathe), spiked, on berserk cooldown, slowed, very slow
A: horns 2, retaliatory headbutt, mutation resistance 1, noise suppression
a: Renounce Religion, Berserk, Trog's Hand


You were on level 3 of the Shoals.
You worshipped Trog.
Trog was most pleased with you.
You visited 4 branches of the dungeon, and saw 25 of its levels.

You collected 2489 gold pieces.
You spent 1861 gold pieces at shops.


Innate Abilities, Weirdness & Mutations

You have a pair of horns on your head.
You reflexively headbutt those who attack you in melee.
You are somewhat resistant to further mutation.
You passively dampen the noise of your surroundings.


   Skills:
 - Level 17.0 Fighting
 - Level 18.0 Axes
 - Level 9.0 Throwing
 - Level 15.0 Armour
 + Level 6.9 Dodging
 - Level 19.0 Shields


You had 15 spell levels left.
You didn't know any spells.
Your spell library was empty.

Inventory:

Hand Weapons
 h - a +3 eveningstar of flaming
 w - a +2 broad axe (weapon)
Missiles
 d - 6 silver javelins (quivered)
 g - 35 boomerangs
 n - 4 javelins
 A - a boomerang of dispersal
 B - a silver boomerang
Armour
 b - a +1 cloak (worn)
 i - a +0 pair of boots (worn)
 j - a +4 plate armour (worn)
 p - a +0 tower shield (worn)
 r - a +2 pair of gloves (worn)
 s - a +2 hat (worn)
Jewellery
 l - an amulet of regeneration (around neck)
 u - a +4 ring of slaying {mikee}
 v - the ring "Dufokh" {Wiz rElec Will+ Dex-3 SInv}
   (You took it off a deep elf pyromancer on level 12 of the Dungeon)

   [ring of wizardry]

   It improves your spell success rate.
   Dex:       It affects your dexterity (-3).
   rElec:     It insulates you from electricity.
   SInv:      It lets you see invisible.
   Will:      It increases your willpower.
 x - a +4 ring of evasion (right hand)
 y - the ring of Alintem (left hand) {rPois rN+ Int+4 SInv}
   (You found it on level 12 of the Dungeon)

   [ring of positive energy]

   Int:       It affects your intelligence (+4).
   rPois:     It protects you from poison.
   rN:        It protects you from negative energy.
   SInv:      It lets you see invisible.
 z - a ring of poison resistance
Scrolls
 e - 14 scrolls of identify
 k - 2 scrolls of teleportation
Potions
 a - 5 potions of might
 c - 5 potions of haste
 f - 8 potions of curing
 o - 2 potions of cancellation
 q - 3 potions of mutation
 t - a potion of resistance

Dungeon Overview and Level Annotations

Branches:
Dungeon (15/15)            Temple (0/1) D:6            Lair (5/5) D:11
 Shoals (3/4) Lair:3        Snake (0/4) Lair:2        Slime (0/5) Lair:5
    Orc (2/2) D:12            Elf (0/3) Orc:2        Vaults (0/5) D:14
 Depths (0/4) D:15

Altars:
Dithmenos
Gozag
Hepliaklqana
Nemelex Xobeh
Okawaru
Trog
Uskayaw
Vehumet
Wu Jian
Yredelemnul
Jiyva

Shops:
D:5 (   Orc:2 *=[*(   Shoals:2 *

Annotations:
D:2 1 runed translucent door, Crazy Yiuf
D:12 2 runed translucent doors
Lair:4 3 runed translucent doors, qw's ghost, journeyman MiBe
Shoals:3 Polyphemus


Message History

You slash Polyphemus! Your headbutt misses Polyphemus.
Polyphemus is severely wounded.
You closely miss the water elemental. You hit the manticore.
Your lungs strain for air!
The manticore closely misses you. You furiously retaliate!
You headbutt the manticore!
The manticore claws you but does no damage.
You block the manticore's attack. Polyphemus hits you!
You block Polyphemus's attack.
The merfolk hits you from afar with a +0 trident!
You block the water elemental's attack. The manticore barely misses you.
You furiously retaliate!
You headbutt the manticore!
The manticore claws you but does no damage. x2
Polyphemus hits you! Polyphemus closely misses you.
32823 ||| DRINKING potion of heal wounds.
You feel much better.
Your lungs strain for air!
The sentinel's mark upon you fades away.
You block the merfolk's attack. You block the water elemental's attack.
The manticore closely misses you.
The manticore claws you but does no damage.
You block the manticore's attack. Polyphemus hits you!
Polyphemus hits you but does no damage.
The merfolk throws a boomerang.
The boomerang hits you but does no damage.
You block the water elemental's attack.
You slash the manticore!
You kill the manticore!
Trog accepts your kill.
You slash Polyphemus! You hit the water elemental.
Your lungs strain for air!
Polyphemus barely misses you. You furiously retaliate!
You headbutt Polyphemus, but do no damage.
Polyphemus hits you but does no damage.
The satyr plays a lulling melody on his pipes!
You struggle to resist.
The merfolk throws a boomerang.
You block the boomerang. You block the water elemental's attack.
You slice Polyphemus!!
Polyphemus is almost dead.
You slash the water elemental!
You die...

..~~~~~~~~~~~~~~~#~..#...
...~~~~~~~~~~~~~###.###..
...~~~~~~~~!~~~~~#...#...
...~~.....~~~~~~~~.......
...~.....)..~~#~~~......#
............~###~~.....##
.....cm.....~~#~~~~~.?..#
~.......E...~~~~~~~~~....
~~.....%@C...~~#~~~~~..#.
~~~~...%.....~###~~~~~###
~~~~~.........~#..~#~..#.
~~~~~~~...........###~...
~~~~~~~~?~~~~..... ...^.
~~~~~~~~~~~~~... .....
~~~~~~~~~~~~~~~. .....
~~~~~~~~~~~~~~~


You could see Polyphemus, a satyr, a merfolk and a water elemental.

Vanquished Creatures
  Louise (D:15)
  An orc warlord (Orc:2)
  A stone giant (D:15)
  Snorg (D:14)
  2 merfolk javelineers
  5 merfolk impalers
  Fannar (D:10)
  Josephine (Shoals:1)
  3 boulder beetles
  An anaconda (Lair:5)
  8 hydras
  2 catoblepae
  Erica (Lair:2)
  3 merfolk avatars
  An alligator snapping turtle (Shoals:1)
  7 centaur warriors
  14 death yaks
  5 two-headed ogres
  5 tengu warriors
  Urug (Orc:2)
  An orc high priest (Orc:2)
  Nergalle (D:11)
  Amaemon (Lair:2)
  A skeletal warrior (D:12)
  4 sea snakes
  2 wizards (D:14)
  3 lindwurms
  6 orc knights
  3 harpies (Shoals:1)
  A harpy (shapeshifter) (D:13)
  A wolf spider (Lair:5)
  4 deep elf pyromancers
  15 ugly things
  A necromancer (D:14)
  4 orc sorcerers (Orc:2)
  An oklob plant (Lair:4)
  7 cyclopes
  4 fauns (Shoals:1)
  8 manticores
  8 slime creatures
  7 elephants (Lair:5)
  3 merfolk sirens
  2 torpor snails
  A water nymph (Shoals:3)
  3 black mambas
  3 gargoyles
  An orange demon (Lair:2)
  11 cane toads
  A kobold demonologist (D:12)
  An unseen horror (D:11)
  3 rime drakes (Lair:5)
  A rime drake (shapeshifter) (D:14)
  2 tengu conjurers
  6 komodo dragons
  12 merfolk
  10 trolls
  6 wind drakes
  12 polar bears
  Prince Ribbit (D:5)
  32 blink frogs
  Grinder (D:5)
  A raiju (Lair:5)
  2 dream sheep (Lair:5)
  6 snapping turtles (Shoals:1)
  Sigmund (D:5)
  12 water elementals
  A spriggan (shapeshifter) (D:14)
  2 shadows
  8 wyverns
  A vampire (D:9)
  50 yaks
  Eustachio (D:5)
  5 basilisks
  2 steam dragons
  6 wraiths
  A golden eye (shapeshifter) (D:14)
  8 vampire mosquitoes
  8 wargs
  Menkaure (D:5)
  2 nagas (Lair:2)
  4 acid dragons
  A water moccasin (shapeshifter) (D:14)
  14 hell hounds (Lair:5)
  12 water moccasins
  Duvessa (D:5)
  3 sky beasts
  12 black bears
  2 ice beasts
  36 orc warriors
  8 ogres
  20 wolves (Lair:5)
  3 boggarts (D:15)
  11 centaurs
  2 kobold brigands
  12 bullfrogs
  3 necrophages (D:4)
  3 scorpions
  21 wights
  Dowan (D:5)
  3 killer bees (D:9)
  9 howler monkeys
  6 electric eels
  A hound (D:7)
  A human zombie (D:4)
  2 jellies
  2 gnoll boudas
  23 orc priests
  Ijyb (D:3)
  Natasha (thrice) (D:3)
  26 orc wizards
  2 iguanas
  6 hell rats (Lair:3)
  3 scorpion zombies (D:4)
  A hound zombie (D:4)
  2 mummies (D:4)
  Robin (D:2)
  9 gnolls
  6 adders
  2 shadow imps
  3 white imps
  An ufetubus (D:6)
  An adder zombie (D:4)
  A worm (D:2)
  73 orcs
  6 endoplasms
  2 giant cockroaches
  20 goblins
  9 hobgoblins
  3 jackals (D:3)
  5 quokkas
  9 ball pythons
  2 bats (D:1)
  3 frilled lizards
  15 kobolds
  2 rats (D:1)
810 creatures vanquished.

Vanquished Creatures (collateral kills)
  Roxanne (D:14)
  An alligator snapping turtle (Shoals:1)
  A hydra (D:15)
  A merfolk avatar (Shoals:1)
  A harpy (Shoals:1)
  A wolf spider (Lair:5)
  A merfolk (Shoals:1)
7 creatures vanquished.

Vanquished Creatures (others)
  A water nymph (Shoals:3)
  25 fungi
  84 plants
110 creatures vanquished.

Grand Total: 927 creatures vanquished

Notes
Turn   | Place    | Note
-------+----------+-------------------------------------------
     0 | D:1      | qw the Minotaur Berserker began the quest for the Orb.
     0 | D:1      | Reached XP level 1. HP: 19/19 MP: 0/0
     0 | D:1      | 0 ||| qw: Version: 0.1-a-104-g96f76f8
     0 | D:1      | 0 ||| qw: Game counter: 5878
     0 | D:1      | 0 ||| qw: Always use a shield: true
     0 | D:1      | 0 ||| qw: Do Orc after D:15 true
     0 | D:1      | 0 ||| qw: Do second Lair branch before Depths: true
     0 | D:1      | 0 ||| qw: Lair rune preference: random
     0 | D:1      | 0 ||| qw: Plans: Normal
     0 | D:1      | 0 ||| PLANNING D:1-11
   248 | D:1      | Reached XP level 2. HP: 26/26 MP: 1/1
   276 | D:1      | 276 ||| DROPPING +0 club.
   563 | D:1      | 563 ||| Stepping ~*~*~tactically~*~*~ (stealth).
   564 | D:1      | 564 ||| Stepping ~*~*~tactically~*~*~ (stealth).
   585 | D:1      | 585 ||| Stepping ~*~*~tactically~*~*~ (stealth).
   899 | D:1      | 899 ||| UPGRADING to +0 ring mail.
   909 | D:1      | 909 ||| DROPPING +0 animal skin.
   910 | D:1      | 910 ||| READING 2 scrolls labelled MIUTA DOZ NUOM OMP.
   911 | D:1      | 911 ||| READING scroll labelled HOOGAO YSUYDIM.
   912 | D:1      | 912 ||| READING scroll labelled JIESHI ZIMENN.
   913 | D:1      | 913 ||| READING scroll labelled OFUUNTEKAOW.
   914 | D:1      | 914 ||| READING 2 scrolls labelled WOOREETAAM.
   919 | D:1      | 919 ||| DRINKING 2 smoky red potions.
   920 | D:1      | 920 ||| DROPPING scroll of butterflies.
  1045 | D:2      | 1045 ||| Stepping ~*~*~tactically~*~*~ (stealth).
  1045 | D:2      | Noticed Robin
  1049 | D:2      | 1049 ||| INVOKING Berserk.
  1051 | D:2      | Reached XP level 3. HP: 31/31 MP: 2/2
  1052 | D:2      | Reached ** piety under Trog
  1053 | D:2      | Killed Robin
  1411 | D:2      | 1411 ||| Stepping ~*~*~tactically~*~*~ (stealth).
  1419 | D:2      | 1419 ||| FLEEEEING.
  1420 | D:2      | 1420 ||| FLEEEEING.
  1421 | D:2      | 1421 ||| FLEEEEING.
  1422 | D:2      | 1422 ||| FLEEEEING.
  1423 | D:2      | 1423 ||| FLEEEEING.
  1424 | D:2      | 1424 ||| FLEEEEING.
  1428 | D:2      | 1428 ||| INVOKING Berserk.
  1531 | D:2      | 1531 ||| FLEEEEING.
  1532 | D:2      | 1532 ||| FLEEEEING.
  1533 | D:2      | 1533 ||| FLEEEEING.
  1534 | D:2      | 1534 ||| FLEEEEING.
  1539 | D:2      | 1539 ||| FLEEEEING.
  1540 | D:2      | 1540 ||| FLEEEEING.
  1654 | D:2      | Found a runed translucent door.
  1655 | D:2      | Noticed Crazy Yiuf
  1794 | D:2      | 1794 ||| INVOKING Berserk.
  1795 | D:2      | 1795 ||| INVOKING Berserk.
  2013 | D:2      | 2013 ||| UPGRADING to +0 chain mail.
  2023 | D:2      | 2023 ||| DROPPING +0 ring mail.
  2024 | D:2      | 2024 ||| READING 2 scrolls labelled UBUAROVUOPH.
  2117 | D:3      | Reached skill level 6 in Axes
  2117 | D:3      | Reached XP level 4. HP: 39/39 MP: 3/3
  2351 | D:3      | Noticed Natasha
  2352 | D:3      | 2352 ||| Stepping ~*~*~tactically~*~*~ (hiding).
  2355 | D:3      | 2355 ||| INVOKING Berserk.
  2357 | D:3      | Killed Natasha
  2479 | D:3      | Noticed Natasha
  2483 | D:3      | 2483 ||| INVOKING Berserk.
  2484 | D:3      | Killed Natasha
  2485 | D:3      | Reached XP level 5. HP: 45/45 MP: 4/4
  2642 | D:3      | 2642 ||| Stepping ~*~*~tactically~*~*~ (stealth).
  2651 | D:3      | 2651 ||| Stepping ~*~*~tactically~*~*~ (stealth).
  2691 | D:3      | 2691 ||| Stepping ~*~*~tactically~*~*~ (stealth).
  2697 | D:3      | Noticed Natasha
  2698 | D:3      | 2698 ||| Stepping ~*~*~tactically~*~*~ (stealth).
  2701 | D:3      | 2701 ||| Stepping ~*~*~tactically~*~*~ (hiding).
  2703 | D:3      | 2703 ||| INVOKING Berserk.
  2709 | D:3      | Killed Natasha
  2943 | D:3      | Found a faded altar of an unknown god.
  2953 | D:3      | Noticed Ijyb
  2957 | D:3      | 2957 ||| INVOKING Berserk.
  2961 | D:3      | Killed Ijyb
  3417 | D:3      | 3417 ||| UPGRADING to +0 tower shield.
  3422 | D:3      | 3422 ||| UPGRADING to amulet of regeneration.
  3427 | D:3      | 3427 ||| UPGRADING to +6 ring of dexterity.
  3428 | D:3      | 3428 ||| READING scroll labelled OKHLAG YHUUNITT.
  3429 | D:3      | 3429 ||| DRINKING 2 silvery potions.
  3430 | D:3      | 3430 ||| DRINKING 2 fuming puce potions.
  3430 | D:3      | Gained mutation: You are somewhat resistant to further
                  | mutation. [potion of mutation]
  3430 | D:3      | Gained mutation: You passively dampen the noise of your
                  | surroundings. [potion of mutation]
  3431 | D:3      | 3431 ||| READING 2 scrolls of identify.
  3431 | D:3      | 3431 ||| IDENTIFYING orange potion
  3455 | D:4      | 3455 ||| INVOKING Berserk.
  3458 | D:4      | Reached skill level 1 in Shields
  3571 | D:4      | Reached skill level 2 in Shields
  3660 | D:4      | Reached XP level 6. HP: 48/52 MP: 5/5
  3675 | D:4      | 3675 ||| Stepping ~*~*~tactically~*~*~ (stealth).
  3859 | D:4      | 3859 ||| Stepping ~*~*~tactically~*~*~ (stealth).
  3860 | D:4      | 3860 ||| Stepping ~*~*~tactically~*~*~ (stealth).
  3878 | D:4      | Reached skill level 3 in Shields
  4123 | D:4      | Reached skill level 4 in Shields
  4141 | D:4      | Reached skill level 5 in Shields
  4185 | D:4      | Reached XP level 7. HP: 40/59 MP: 6/6
  4211 | D:4      | Reached *** piety under Trog
  4212 | D:4      | Reached skill level 6 in Shields
  4257 | D:4      | Found a basalt altar of Yredelemnul.
  4282 | D:4      | Reached skill level 7 in Shields
  4362 | D:4      | 4362 ||| UPGRADING to +2 pair of gloves.
  4367 | D:4      | 4367 ||| DROPPING amulet of faith.
  4368 | D:4      | 4368 ||| UPGRADING to +4 ring of evasion.
  4369 | D:4      | 4369 ||| READING scroll labelled MIUKHO BEOLO.
  4470 | D:4      | 4470 ||| DRINKING 3 smoky purple potions.
  4495 | D:4      | 4495 ||| DROPPING 2 potions of lignification.
  4523 | D:5      | Entered Level 5 of the Dungeon
  4531 | D:5      | Noticed Duvessa
  4531 | D:5      | Noticed Dowan
  4532 | D:5      | 4532 ||| Stepping ~*~*~tactically~*~*~ (stealth).
  4535 | D:5      | Noticed Sigmund
  4538 | D:5      | 4538 ||| INVOKING Berserk.
  4541 | D:5      | Killed Duvessa
  4542 | D:5      | Reached skill level 8 in Shields
  4550 | D:5      | Killed Dowan
  4573 | D:5      | Killed Sigmund
  4574 | D:5      | Reached skill level 9 in Shields
  4574 | D:5      | Reached XP level 8. HP: 49/66 MP: 7/7
  4612 | D:5      | Found Mefev's Antique Weapon Shop.
  4641 | D:5      | 4641 ||| BUYING fine mace (176 gold).
  4641 | D:5      | Bought a fine mace for 176 gold pieces
  4641 | D:5      | Identified the +8 mace of Impermanence {protect, +Blink
                  | Will- Stlth+} (You bought it in a shop on level 5 of the
                  | Dungeon)
  4641 | D:5      | 4641 ||| SHOPLISTING glowing morningstar (154 gold, have
                  | 9).
  4641 | D:5      | 4641 ||| SHOPLISTING runed hand axe (132 gold, have 9).
  4641 | D:5      | 4641 ||| DROPPING +0 mace.
  4679 | D:5      | 4679 ||| INVOKING Berserk.
  4855 | D:5      | Noticed Grinder
  4855 | D:5      | Paralysed by Grinder for 4 turns
  4859 | D:5      | 4859 ||| Stepping ~*~*~tactically~*~*~ (hiding).
  4863 | D:5      | 4863 ||| INVOKING Trog's Hand.
  4865 | D:5      | 4865 ||| INVOKING Berserk.
  4870 | D:5      | Killed Grinder
  4871 | D:5      | Reached skill level 9 in Axes
  5030 | D:5      | Noticed Menkaure
  5031 | D:5      | 5031 ||| Stepping ~*~*~tactically~*~*~ (stealth).
  5033 | D:5      | 5033 ||| Stepping ~*~*~tactically~*~*~ (hiding).
  5035 | D:5      | 5035 ||| Stepping ~*~*~tactically~*~*~ (hiding).
  5038 | D:5      | 5038 ||| INVOKING Berserk.
  5040 | D:5      | Killed Menkaure
  5041 | D:5      | Reached skill level 10 in Shields
  5160 | D:5      | Noticed Prince Ribbit
  5163 | D:5      | 5163 ||| INVOKING Berserk.
  5172 | D:5      | Killed Prince Ribbit
  5344 | D:5      | 5344 ||| Stepping ~*~*~tactically~*~*~ (stealth).
  5351 | D:5      | 5351 ||| Stepping ~*~*~tactically~*~*~ (stealth).
  5352 | D:5      | 5352 ||| Stepping ~*~*~tactically~*~*~ (stealth).
  5460 | D:5      | Noticed Eustachio
  5466 | D:5      | 5466 ||| Stepping ~*~*~tactically~*~*~ (hiding).
  5473 | D:5      | 5473 ||| INVOKING Berserk.
  5480 | D:5      | Killed Eustachio
  5481 | D:5      | Reached XP level 9. HP: 74/74 MP: 8/8
  6138 | D:5      | 6138 ||| Stepping ~*~*~tactically~*~*~ (stealth).
  6329 | D:5      | 6329 ||| UPGRADING to +6 ring of strength.
  6331 | D:5      | 6331 ||| DROPPING ring of ice.
  6332 | D:5      | 6332 ||| DROPPING +6 ring of dexterity.
  6333 | D:5      | 6333 ||| READING scroll labelled QULIYJEOCOO.
  6334 | D:5      | 6334 ||| DRINKING 2 amethyst potions.
  6335 | D:5      | 6335 ||| READING 3 scrolls of identify.
  6335 | D:5      | 6335 ||| IDENTIFYING puce potion
  6336 | D:5      | 6336 ||| READING 2 scrolls of identify.
  6336 | D:5      | 6336 ||| IDENTIFYING murky ruby potion
  6337 | D:5      | 6337 ||| DROPPING potion of flight.
  6338 | D:5      | 6338 ||| DROPPING potion of degeneration.
  6392 | D:6      | 6392 ||| Stepping ~*~*~tactically~*~*~ (hiding).
  6399 | D:6      | 6399 ||| INVOKING Berserk.
  6645 | D:6      | 6645 ||| SWAPPING to +0 war axe.
  6662 | D:6      | 6662 ||| DROPPING +0 hand axe.
  6667 | D:6      | 6667 ||| Stepping ~*~*~tactically~*~*~ (hiding).
  6669 | D:6      | 6669 ||| Stepping ~*~*~tactically~*~*~ (hiding).
  6672 | D:6      | Found a staircase to the Ecumenical Temple.
  6681 | D:6      | Reached skill level 1 in Throwing
  6743 | D:6      | Found a radiant altar of Vehumet.
  6744 | D:6      | 6744 ||| Stepping ~*~*~tactically~*~*~ (hiding).
  6758 | D:6      | 6758 ||| Stepping ~*~*~tactically~*~*~ (cloud).
  6762 | D:6      | 6762 ||| INVOKING Berserk.
  6992 | D:6      | 6992 ||| Stepping ~*~*~tactically~*~*~ (stealth).
  6998 | D:6      | Reached skill level 11 in Shields
  7003 | D:6      | Reached skill level 6 in Fighting
  7007 | D:6      | 7007 ||| INVOKING Berserk.
  7816 | D:6      | 7816 ||| UPGRADING to +0 cloak.
  7821 | D:6      | 7821 ||| READING scroll of enchant armour.
  7821 | D:6      | 7821 ||| ENCHANTING +0 cloak.
  7822 | D:6      | 7822 ||| UPGRADING to ring of see invisible.
  7824 | D:6      | 7824 ||| READING scroll labelled KIFI TYOSS.
  7825 | D:6      | 7825 ||| DRINKING 2 red potions.
  7929 | D:6      | 7929 ||| DROPPING potion of berserk rage.
  7952 | D:7      | 7952 ||| STAIRDANCE
  8057 | D:7      | 8057 ||| Stepping ~*~*~tactically~*~*~ (stealth).
  8074 | D:7      | Reached XP level 10. HP: 83/83 MP: 9/9
  8119 | D:7      | 8119 ||| Stepping ~*~*~tactically~*~*~ (stealth).
  8122 | D:7      | 8122 ||| Stepping ~*~*~tactically~*~*~ (stealth).
  8138 | D:7      | 8138 ||| Stepping ~*~*~tactically~*~*~ (stealth).
  8191 | D:7      | Reached skill level 12 in Shields
  8205 | D:7      | 8205 ||| READING scroll of enchant weapon.
  8205 | D:7      | 8205 ||| ENCHANTING +1 war axe.
  8227 | D:7      | 8227 ||| INVOKING Berserk.
  8250 | D:7      | Reached **** piety under Trog
  8332 | D:7      | Found a hazy altar of Hepliaklqana.
  8368 | D:7      | 8368 ||| Stepping ~*~*~tactically~*~*~ (hiding).
  8392 | D:7      | 8392 ||| DROPPING +2 vorpal war axe.
  8611 | D:7      | Identified the +11 hand axe "Tuxykk" {elec, rN++}
  8613 | D:7      | 8613 ||| SWAPPING to +11 hand axe "Tuxykk" {elec, rN++}.
  8752 | D:7      | 8752 ||| READING scroll labelled ECZIDO HAZYOMP.
  8753 | D:7      | 8753 ||| READING scroll labelled ZOSCHU FUOCODE.
  8754 | D:7      | 8754 ||| READING 4 scrolls of identify.
  8754 | D:7      | 8754 ||| IDENTIFYING fuming pink potion
  8755 | D:7      | 8755 ||| READING 3 scrolls of identify.
  8755 | D:7      | 8755 ||| IDENTIFYING murky silvery potion
  8756 | D:7      | 8756 ||| DROPPING potion of attraction.
  8757 | D:7      | 8757 ||| READING 4 scrolls of teleportation.
  8826 | D:8      | Reached skill level 12 in Axes
  8848 | D:8      | 8848 ||| Stepping ~*~*~tactically~*~*~ (hiding).
  8849 | D:8      | 8849 ||| INVOKING Berserk.
  8971 | D:8      | 8971 ||| Stepping ~*~*~tactically~*~*~ (hiding).
  8980 | D:8      | 8980 ||| DRINKING 3 potions of curing.
  8980 | D:8      | 8980 ||| (to cure confusion)
  8984 | D:8      | 8984 ||| Stepping ~*~*~tactically~*~*~ (hiding).
  9103 | D:8      | 9103 ||| Stepping ~*~*~tactically~*~*~ (stealth).
  9116 | D:8      | 9116 ||| Stepping ~*~*~tactically~*~*~ (stealth).
  9117 | D:8      | 9117 ||| Stepping ~*~*~tactically~*~*~ (stealth).
  9150 | D:8      | Noticed a two-headed ogre
  9154 | D:8      | 9154 ||| INVOKING Berserk.
  9160 | D:8      | Killed a two-headed ogre
  9316 | D:8      | Found a bloodstained altar of Trog.
  9365 | D:8      | 9365 ||| DROPPING +8 mace of Impermanence {protect, +Blink
                  | Will- Stlth+}.
  9669 | D:8      | Found an ornate altar of the Wu Jian Council.
  9826 | D:8      | 9826 ||| UPGRADING to +0 plate armour.
  9836 | D:8      | 9836 ||| DROPPING +0 chain mail.
  9837 | D:8      | 9837 ||| READING 2 scrolls of identify.
  9837 | D:8      | 9837 ||| IDENTIFYING yellow potion
  9838 | D:8      | 9838 ||| DROPPING potion of brilliance.
  9906 | D:9      | 9906 ||| INVOKING Berserk.
  9909 | D:9      | Reached skill level 6 in Armour
 10027 | D:9      | 10027 ||| Stepping ~*~*~tactically~*~*~ (stealth).
 10028 | D:9      | 10028 ||| Stepping ~*~*~tactically~*~*~ (stealth).
 10033 | D:9      | 10033 ||| Stepping ~*~*~tactically~*~*~ (stealth).
 10086 | D:9      | 10086 ||| Stepping ~*~*~tactically~*~*~ (stealth).
 10088 | D:9      | 10088 ||| Stepping ~*~*~tactically~*~*~ (stealth).
 10125 | D:9      | Found a sparkling altar of Nemelex Xobeh.
 10219 | D:9      | 10219 ||| INVOKING Berserk.
 10352 | D:9      | 10352 ||| INVOKING Berserk.
 10579 | D:9      | 10579 ||| Stepping ~*~*~tactically~*~*~ (stealth).
 10590 | D:9      | 10590 ||| Stepping ~*~*~tactically~*~*~ (stealth).
 10608 | D:9      | Noticed an eight-headed hydra
 10609 | D:9      | 10609 ||| INVOKING Brothers in Arms.
 10611 | D:9      | 10611 ||| SWAPPING to +3 morningstar.
 10612 | D:9      | 10612 ||| INVOKING Brothers in Arms.
 10613 | D:9      | 10613 ||| INVOKING Brothers in Arms.
 10614 | D:9      | 10614 ||| INVOKING Berserk.
 10615 | D:9      | Killed an eight-headed hydra
 10616 | D:9      | Reached skill level 13 in Shields
 10616 | D:9      | Reached XP level 11. HP: 94/94 MP: 10/10
 10620 | D:9      | 10620 ||| SWAPPING to +11 hand axe "Tuxykk" {elec, rN++}.
 10730 | D:9      | Found an opulent altar of Gozag.
 10815 | D:9      | 10815 ||| UPGRADING to +4 plate armour.
 10825 | D:9      | 10825 ||| DROPPING +0 plate armour.
 10826 | D:9      | 10826 ||| READING scroll labelled HIFEPSOURA.
 10898 | D:10     | Entered Level 10 of the Dungeon
 10959 | D:10     | 10959 ||| DROPPING +3 morningstar.
 11070 | D:10     | Noticed a two-headed ogre
 11072 | D:10     | 11072 ||| Stepping ~*~*~tactically~*~*~ (stealth).
 11073 | D:10     | 11073 ||| INVOKING Berserk.
 11076 | D:10     | Killed a two-headed ogre
 11187 | D:10     | Found a shadowy altar of Dithmenos.
 11234 | D:10     | Found an iron altar of Okawaru.
 11237 | D:10     | 11237 ||| INVOKING Berserk.
 11493 | D:10     | 11493 ||| Stepping ~*~*~tactically~*~*~ (hiding).
 11495 | D:10     | 11495 ||| Stepping ~*~*~tactically~*~*~ (hiding).
 11498 | D:10     | 11498 ||| INVOKING Berserk.
 11730 | D:10     | Noticed Fannar
 11742 | D:10     | Killed Fannar
 11781 | D:10     | Identified the +5 falchion "Jaussiwi" {speed, Int+7 Stlth+}
 11925 | D:11     | Noticed a centaur warrior
 11936 | D:11     | Killed a centaur warrior
 12076 | D:11     | Noticed Nergalle
 12077 | D:11     | 12077 ||| INVOKING Berserk.
 12080 | D:11     | Killed Nergalle
 12081 | D:11     | Reached skill level 9 in Fighting
 12187 | D:11     | Found a staircase to the Lair.
 12316 | D:11     | 12316 ||| INVOKING Berserk.
 12319 | D:11     | Reached skill level 14 in Shields
 12629 | D:11     | 12629 ||| INVOKING Berserk.
 12867 | D:11     | Identified the +10 dire flail of Brawling {freeze, Will+}
 13089 | D:11     | 13089 ||| PLANNING LAIR
 13089 | D:11     | 13089 ||| READING scroll labelled ANAOPLARYI.
 13136 | Lair:1   | Entered Level 1 of the Lair of Beasts
 13220 | Lair:1   | Noticed a six-headed hydra
 13222 | Lair:1   | 13222 ||| Stepping ~*~*~tactically~*~*~ (stealth).
 13223 | Lair:1   | 13223 ||| Stepping ~*~*~tactically~*~*~ (stealth).
 13224 | Lair:1   | 13224 ||| SWAPPING to +2 morningstar of protection.
 13225 | Lair:1   | 13225 ||| INVOKING Berserk.
 13229 | Lair:1   | Killed a six-headed hydra
 13230 | Lair:1   | Reached skill level 3 in Throwing
 13234 | Lair:1   | 13234 ||| SWAPPING to +11 hand axe "Tuxykk" {elec, rN++}.
 13235 | Lair:1   | 13235 ||| Stepping ~*~*~tactically~*~*~ (stealth).
 13245 | Lair:1   | Reached XP level 12. HP: 104/104 MP: 11/11
 13403 | Lair:1   | 13403 ||| Stepping ~*~*~tactically~*~*~ (stealth).
 13404 | Lair:1   | 13404 ||| INVOKING Berserk.
 13408 | Lair:1   | Reached skill level 3 in Dodging
 13617 | Lair:1   | 13617 ||| INVOKING Berserk.
 13791 | Lair:1   | 13791 ||| INVOKING Berserk.
 14351 | Lair:1   | 14351 ||| READING scroll labelled YGIOP ISIEMUOZULL.
 14409 | Lair:2   | Noticed Amaemon
 14411 | Lair:2   | 14411 ||| INVOKING Berserk.
 14417 | Lair:2   | Killed Amaemon
 14536 | Lair:2   | 14536 ||| Stepping ~*~*~tactically~*~*~ (stealth).
 14546 | Lair:2   | 14546 ||| FLEEEEING.
 14547 | Lair:2   | 14547 ||| FLEEEEING.
 14551 | Lair:2   | 14551 ||| FLEEEEING.
 14552 | Lair:2   | 14552 ||| FLEEEEING.
 14553 | Lair:2   | 14553 ||| FLEEEEING.
 14554 | Lair:2   | 14554 ||| FLEEEEING.
 14555 | Lair:2   | 14555 ||| FLEEEEING.
 14556 | Lair:2   | 14556 ||| FLEEEEING.
 14557 | Lair:2   | 14557 ||| FLEEEEING.
 14558 | Lair:2   | 14558 ||| FLEEEEING.
 14559 | Lair:2   | 14559 ||| FLEEEEING.
 14560 | Lair:2   | 14560 ||| FLEEEEING.
 14561 | Lair:2   | 14561 ||| FLEEEEING.
 14562 | Lair:2   | 14562 ||| FLEEEEING.
 14563 | Lair:2   | 14563 ||| FLEEEEING.
 14564 | Lair:2   | 14564 ||| FLEEEEING.
 14565 | Lair:2   | 14565 ||| FLEEEEING.
 14566 | Lair:2   | 14566 ||| STAIRDANCE
 14570 | Lair:2   | 14570 ||| INVOKING Berserk.
 14580 | Lair:2   | Reached skill level 9 in Armour
 14742 | Lair:2   | Noticed a death yak
 14742 | Lair:2   | Noticed a death yak
 14742 | Lair:2   | Noticed a death yak
 14744 | Lair:2   | Noticed a death yak
 14744 | Lair:2   | Noticed a death yak
 14747 | Lair:2   | 14747 ||| INVOKING Berserk.
 14752 | Lair:2   | Killed a death yak
 14753 | Lair:2   | Reached skill level 15 in Shields
 14754 | Lair:2   | Killed a death yak
 14757 | Lair:2   | Killed a death yak
 14763 | Lair:2   | Killed a death yak
 14766 | Lair:2   | Killed a death yak
 14920 | Lair:2   | Noticed Erica
 14922 | Lair:2   | 14922 ||| INVOKING Berserk.
 14926 | Lair:2   | Killed Erica
 15080 | Lair:2   | 15080 ||| INVOKING Berserk.
 15447 | Lair:2   | 15447 ||| Stepping ~*~*~tactically~*~*~ (hiding).
 15450 | Lair:2   | Found a staircase to the Snake Pit.
 15665 | Lair:2   | 15665 ||| INVOKING Berserk.
 15902 | Lair:2   | 15902 ||| UPGRADING to +0 pair of boots.
 15907 | Lair:2   | 15907 ||| DROPPING amulet of guardian spirit.
 15919 | Lair:3   | 15919 ||| STAIRDANCE
 15921 | Lair:2   | 15921 ||| INVOKING Berserk.
 16033 | Lair:3   | 16033 ||| STAIRDANCE
 16035 | Lair:2   | 16035 ||| INVOKING Berserk.
 16145 | Lair:3   | 16145 ||| STAIRDANCE
 16147 | Lair:2   | 16147 ||| INVOKING Berserk.
 16256 | Lair:3   | 16256 ||| INVOKING Berserk.
 16262 | Lair:3   | Reached XP level 13. HP: 116/116 MP: 12/12
 16267 | Lair:3   | Reached skill level 16 in Shields
 16277 | Lair:3   | 16277 ||| DRINKING potion of cancellation.
 16421 | Lair:3   | 16421 ||| INVOKING Berserk.
 16624 | Lair:3   | 16624 ||| Stepping ~*~*~tactically~*~*~ (stealth).
 16625 | Lair:3   | 16625 ||| Stepping ~*~*~tactically~*~*~ (stealth).
 16657 | Lair:3   | Reached skill level 6 in Throwing
 17137 | Lair:3   | Found a staircase to the Shoals.
 17150 | Lair:3   | 17150 ||| Stepping ~*~*~tactically~*~*~ (water).
 17363 | Lair:3   | 17363 ||| READING 7 scrolls of identify.
 17363 | Lair:3   | 17363 ||| IDENTIFYING fizzy clear potion
 17364 | Lair:3   | 17364 ||| DROPPING potion of magic.
 17394 | Lair:4   | 17394 ||| STAIRDANCE
 17396 | Lair:3   | 17396 ||| INVOKING Berserk.
 17513 | Lair:4   | 17513 ||| STAIRDANCE
 17515 | Lair:3   | 17515 ||| INVOKING Berserk.
 17636 | Lair:4   | 17636 ||| STAIRDANCE
 17638 | Lair:3   | 17638 ||| INVOKING Berserk.
 17750 | Lair:4   | 17750 ||| STAIRDANCE
 17756 | Lair:4   | 17756 ||| INVOKING Berserk.
 17763 | Lair:4   | 17763 ||| STAIRDANCE
 17882 | Lair:4   | 17882 ||| FLEEEEING.
 17897 | Lair:4   | 17897 ||| FLEEEEING.
 17898 | Lair:4   | 17898 ||| FLEEEEING.
 17899 | Lair:4   | 17899 ||| FLEEEEING.
 17900 | Lair:4   | 17900 ||| STAIRDANCE
 17916 | Lair:4   | 17916 ||| INVOKING Berserk.
 17923 | Lair:4   | 17923 ||| STAIRDANCE
 18036 | Lair:4   | 18036 ||| FLEEEEING.
 18037 | Lair:4   | 18037 ||| FLEEEEING.
 18038 | Lair:4   | 18038 ||| FLEEEEING.
 18039 | Lair:4   | 18039 ||| FLEEEEING.
 18040 | Lair:4   | 18040 ||| FLEEEEING.
 18041 | Lair:4   | 18041 ||| FLEEEEING.
 18042 | Lair:4   | 18042 ||| FLEEEEING.
 18043 | Lair:4   | 18043 ||| STAIRDANCE
 18047 | Lair:4   | 18047 ||| INVOKING Berserk.
 18058 | Lair:4   | 18058 ||| STAIRDANCE
 18203 | Lair:4   | 18203 ||| SWAPPING to +2 morningstar of protection.
 18205 | Lair:4   | 18205 ||| INVOKING Berserk.
 18212 | Lair:4   | 18212 ||| SWAPPING to +11 hand axe "Tuxykk" {elec, rN++}.
 18405 | Lair:4   | 18405 ||| Stepping ~*~*~tactically~*~*~ (stealth).
 18407 | Lair:4   | 18407 ||| Stepping ~*~*~tactically~*~*~ (stealth).
 18408 | Lair:4   | 18408 ||| INVOKING Berserk.
 18419 | Lair:4   | Reached skill level 12 in Fighting
 18751 | Lair:4   | 18751 ||| INVOKING Berserk.
 18869 | Lair:4   | 18869 ||| INVOKING Berserk.
 18997 | Lair:4   | Found a runed translucent gate.
 18997 | Lair:4   | Found a runed translucent gate.
 18997 | Lair:4   | Found a runed translucent gate.
 18997 | Lair:4   | Noticed qw's ghost (journeyman MiBe)
 18997 | Lair:4   | You fall into a shaft and drop 1 floor!
 18997 | Lair:5   | Entered Level 5 of the Lair of Beasts
 19016 | Lair:5   | 19016 ||| Stepping ~*~*~tactically~*~*~ (stealth).
 19020 | Lair:5   | 19020 ||| Stepping ~*~*~tactically~*~*~ (stealth).
 19021 | Lair:5   | 19021 ||| Stepping ~*~*~tactically~*~*~ (stealth).
 19022 | Lair:5   | 19022 ||| Stepping ~*~*~tactically~*~*~ (stealth).
 19025 | Lair:5   | 19025 ||| Stepping ~*~*~tactically~*~*~ (stealth).
 19028 | Lair:5   | 19028 ||| Stepping ~*~*~tactically~*~*~ (stealth).
 19029 | Lair:5   | 19029 ||| Stepping ~*~*~tactically~*~*~ (stealth).
 19037 | Lair:5   | 19037 ||| INVOKING Berserk.
 19185 | Lair:5   | 19185 ||| Stepping ~*~*~tactically~*~*~ (hiding).
 19202 | Lair:5   | 19202 ||| Stepping ~*~*~tactically~*~*~ (hiding).
 19205 | Lair:5   | 19205 ||| SWAPPING to +2 morningstar of protection.
 19206 | Lair:5   | 19206 ||| INVOKING Berserk.
 19221 | Lair:5   | Reached skill level 17 in Shields
 19224 | Lair:5   | 19224 ||| SWAPPING to +11 hand axe "Tuxykk" {elec, rN++}.
 19354 | Lair:5   | 19354 ||| INVOKING Berserk.
 19511 | Lair:5   | 19511 ||| INVOKING Brothers in Arms.
 19513 | Lair:5   | 19513 ||| INVOKING Berserk.
 19518 | Lair:5   | Reached skill level 12 in Armour
 19673 | Lair:5   | 19673 ||| INVOKING Berserk.
 19814 | Lair:5   | 19814 ||| Stepping ~*~*~tactically~*~*~ (stealth).
 19867 | Lair:5   | 19867 ||| SWAPPING to +2 morningstar of protection.
 19868 | Lair:5   | 19868 ||| INVOKING Berserk.
 19875 | Lair:5   | 19875 ||| SWAPPING to +11 hand axe "Tuxykk" {elec, rN++}.
 20039 | Lair:5   | 20039 ||| Stepping ~*~*~tactically~*~*~ (stealth).
 20040 | Lair:5   | 20040 ||| Stepping ~*~*~tactically~*~*~ (stealth).
 20067 | Lair:5   | 20067 ||| INVOKING Berserk.
 20094 | Lair:5   | Reached XP level 14. HP: 120/127 MP: 13/13
 20316 | Lair:5   | 20316 ||| Stepping ~*~*~tactically~*~*~ (stealth).
 20644 | Lair:4   | 20644 ||| READING 8 scrolls of teleportation.
 20733 | Lair:5   | Found a viscous altar of Jiyva.
 20734 | Lair:5   | Found a staircase to the Slime Pits.
 20748 | Lair:5   | 20748 ||| INVOKING Berserk.
 21015 | Lair:5   | 21015 ||| Stepping ~*~*~tactically~*~*~ (stealth).
 21153 | Lair:5   | 21153 ||| Stepping ~*~*~tactically~*~*~ (stealth).
 21155 | Lair:5   | 21155 ||| Stepping ~*~*~tactically~*~*~ (stealth).
 21162 | Lair:5   | 21162 ||| Stepping ~*~*~tactically~*~*~ (hiding).
 21163 | Lair:5   | 21163 ||| Stepping ~*~*~tactically~*~*~ (hiding).
 21168 | Lair:5   | 21168 ||| Stepping ~*~*~tactically~*~*~ (stealth).
 21170 | Lair:5   | 21170 ||| INVOKING Brothers in Arms.
 21175 | Lair:5   | 21175 ||| INVOKING Brothers in Arms.
 21176 | Lair:5   | 21176 ||| SWAPPING to +2 morningstar of protection.
 21177 | Lair:5   | 21177 ||| INVOKING Berserk.
 21193 | Lair:5   | 21193 ||| SWAPPING to +11 hand axe "Tuxykk" {elec, rN++}.
 21207 | Lair:5   | 21207 ||| Stepping ~*~*~tactically~*~*~ (stealth).
 21337 | Lair:5   | 21337 ||| Stepping ~*~*~tactically~*~*~ (stealth).
 21370 | Lair:5   | 21370 ||| Stepping ~*~*~tactically~*~*~ (hiding).
 21496 | Lair:5   | 21496 ||| Stepping ~*~*~tactically~*~*~ (hiding).
 21504 | Lair:5   | 21504 ||| INVOKING Berserk.
 21520 | Lair:5   | Reached skill level 18 in Shields
 21609 | Lair:5   | 21609 ||| Stepping ~*~*~tactically~*~*~ (stealth).
 21623 | Lair:5   | 21623 ||| Stepping ~*~*~tactically~*~*~ (stealth).
 21626 | Lair:5   | 21626 ||| Stepping ~*~*~tactically~*~*~ (hiding).
 21737 | Lair:5   | 21737 ||| Stepping ~*~*~tactically~*~*~ (stealth).
 21753 | Lair:5   | 21753 ||| Stepping ~*~*~tactically~*~*~ (stealth).
 21755 | Lair:5   | 21755 ||| INVOKING Berserk.
 22073 | Lair:5   | 22073 ||| PLANNING D
 22073 | Lair:5   | 22073 ||| UPGRADING to +1 hat.
 22284 | D:12     | Found a runed translucent door.
 22285 | D:12     | Found a runed translucent door.
 22292 | D:12     | 22292 ||| Stepping ~*~*~tactically~*~*~ (hiding).
 22319 | D:12     | 22319 ||| INVOKING Berserk.
 22321 | D:12     | Identified the ring of Pomiut {Fly Str+2}
 22369 | D:12     | 22369 ||| FLEEEEING.
 22371 | D:12     | 22371 ||| FLEEEEING.
 22372 | D:12     | 22372 ||| FLEEEEING.
 22373 | D:12     | 22373 ||| FLEEEEING.
 22373 | D:12     | Identified the ring of the Chupacabra {Fly Dex+4}
 22374 | D:12     | 22374 ||| Stepping ~*~*~tactically~*~*~ (stealth).
 22375 | D:12     | 22375 ||| Stepping ~*~*~tactically~*~*~ (stealth).
 22377 | D:12     | 22377 ||| Stepping ~*~*~tactically~*~*~ (hiding).
 22395 | D:12     | Reached skill level 15 in Fighting
 22428 | D:12     | 22428 ||| INVOKING Berserk.
 22439 | D:12     | Identified the ring "Dufokh" {Wiz rElec Will+ Dex-3 SInv}
 22440 | D:12     | 22440 ||| Stepping ~*~*~tactically~*~*~ (stealth).
 22587 | D:12     | Identified the ring of Alintem {rPois rN+ Int+4 SInv}
 22630 | D:12     | 22630 ||| Stepping ~*~*~tactically~*~*~ (stealth).
 22639 | D:12     | 22639 ||| FLEEEEING.
 22640 | D:12     | 22640 ||| Stepping ~*~*~tactically~*~*~ (hiding).
 22641 | D:12     | 22641 ||| Stepping ~*~*~tactically~*~*~ (hiding).
 22642 | D:12     | 22642 ||| Stepping ~*~*~tactically~*~*~ (hiding).
 22643 | D:12     | 22643 ||| Stepping ~*~*~tactically~*~*~ (hiding).
 22649 | D:12     | 22649 ||| Stepping ~*~*~tactically~*~*~ (stealth).
 22655 | D:12     | 22655 ||| Stepping ~*~*~tactically~*~*~ (hiding).
 22662 | D:12     | 22662 ||| Stepping ~*~*~tactically~*~*~ (stealth).
 22663 | D:12     | 22663 ||| Stepping ~*~*~tactically~*~*~ (stealth).
 22679 | D:12     | Found a staircase to the Orcish Mines.
 22813 | D:12     | Reached ***** piety under Trog
 23230 | D:12     | 23230 ||| INVOKING Berserk.
 23291 | D:12     | 23291 ||| DROPPING +1 cloak.
 23292 | D:12     | 23292 ||| UPGRADING to ring "Dufokh" {Wiz rElec Will+ Dex-3
                  | SInv}.
 23294 | D:12     | 23294 ||| UPGRADING to ring of Alintem {rPois rN+ Int+4
                  | SInv}.
 23296 | D:12     | 23296 ||| DROPPING ring of see invisible.
 23297 | D:12     | 23297 ||| READING 11 scrolls of identify.
 23297 | D:12     | 23297 ||| IDENTIFYING bubbling puce potion
 23298 | D:12     | 23298 ||| DROPPING potion of invisibility.
 23601 | D:13     | 23601 ||| Stepping ~*~*~tactically~*~*~ (stealth).
 23602 | D:13     | 23602 ||| Stepping ~*~*~tactically~*~*~ (stealth).
 23603 | D:13     | 23603 ||| Stepping ~*~*~tactically~*~*~ (stealth).
 23604 | D:13     | 23604 ||| Stepping ~*~*~tactically~*~*~ (stealth).
 23607 | D:13     | 23607 ||| Stepping ~*~*~tactically~*~*~ (hiding).
 23638 | D:13     | 23638 ||| Stepping ~*~*~tactically~*~*~ (hiding).
 23733 | D:13     | Reached XP level 15. HP: 141/141 MP: 14/14
 23782 | D:13     | 23782 ||| Stepping ~*~*~tactically~*~*~ (stealth).
 23783 | D:13     | 23783 ||| Stepping ~*~*~tactically~*~*~ (stealth).
 23801 | D:13     | 23801 ||| Stepping ~*~*~tactically~*~*~ (stealth).
 23830 | D:13     | 23830 ||| Stepping ~*~*~tactically~*~*~ (stealth).
 23834 | D:13     | 23834 ||| INVOKING Berserk.
 23925 | D:13     | 23925 ||| Stepping ~*~*~tactically~*~*~ (stealth).
 23931 | D:13     | 23931 ||| INVOKING Berserk.
 24196 | D:13     | Found a hide-covered altar of Uskayaw.
 24493 | D:14     | 24493 ||| Stepping ~*~*~tactically~*~*~ (stealth).
 24499 | D:14     | 24499 ||| Stepping ~*~*~tactically~*~*~ (stealth).
 24519 | D:14     | Noticed Roxanne
 24520 | D:14     | 24520 ||| INVOKING Brothers in Arms.
 24526 | D:14     | 24526 ||| INVOKING Brothers in Arms.
 24527 | D:14     | 24527 ||| SWAPPING to +2 morningstar of protection.
 24528 | D:14     | 24528 ||| INVOKING Berserk.
 24538 | D:14     | Killed Roxanne
 24541 | D:14     | 24541 ||| SWAPPING to +11 hand axe "Tuxykk" {elec, rN++}.
 24647 | D:14     | 24647 ||| Stepping ~*~*~tactically~*~*~ (hiding).
 24648 | D:14     | 24648 ||| Stepping ~*~*~tactically~*~*~ (hiding).
 24649 | D:14     | 24649 ||| Stepping ~*~*~tactically~*~*~ (hiding).
 24650 | D:14     | 24650 ||| Stepping ~*~*~tactically~*~*~ (hiding).
 24651 | D:14     | 24651 ||| Stepping ~*~*~tactically~*~*~ (hiding).
 24652 | D:14     | 24652 ||| Stepping ~*~*~tactically~*~*~ (hiding).
 24654 | D:14     | 24654 ||| INVOKING Trog's Hand.
 24661 | D:14     | Reached skill level 6 in Dodging
 24673 | D:14     | Found a gate to the Vaults.
 24741 | D:14     | Noticed Snorg
 24742 | D:14     | 24742 ||| INVOKING Trog's Hand.
 24746 | D:14     | 24746 ||| Stepping ~*~*~tactically~*~*~ (hiding).
 24748 | D:14     | 24748 ||| INVOKING Berserk.
 24754 | D:14     | Killed Snorg
 24898 | D:14     | 24898 ||| Stepping ~*~*~tactically~*~*~ (stealth).
 24977 | D:14     | 24977 ||| Stepping ~*~*~tactically~*~*~ (stealth).
 24982 | D:14     | 24982 ||| Stepping ~*~*~tactically~*~*~ (stealth).
 25210 | D:14     | 25210 ||| Stepping ~*~*~tactically~*~*~ (hiding).
 25214 | D:14     | 25214 ||| INVOKING Trog's Hand.
 25242 | D:14     | 25242 ||| Stepping ~*~*~tactically~*~*~ (hiding).
 25244 | D:14     | 25244 ||| Stepping ~*~*~tactically~*~*~ (hiding).
 25397 | D:14     | 25397 ||| FLEEEEING.
 25402 | D:14     | 25402 ||| FLEEEEING.
 25403 | D:14     | 25403 ||| FLEEEEING.
 25404 | D:14     | 25404 ||| FLEEEEING.
 25405 | D:14     | 25405 ||| FLEEEEING.
 25406 | D:14     | 25406 ||| FLEEEEING.
 25408 | D:14     | 25408 ||| FLEEEEING.
 25409 | D:14     | 25409 ||| FLEEEEING.
 25410 | D:14     | 25410 ||| FLEEEEING.
 25411 | D:14     | 25411 ||| FLEEEEING.
 25412 | D:14     | 25412 ||| FLEEEEING.
 25413 | D:14     | 25413 ||| FLEEEEING.
 25416 | D:14     | 25416 ||| FLEEEEING.
 25417 | D:14     | 25417 ||| FLEEEEING.
 25418 | D:14     | 25418 ||| FLEEEEING.
 25419 | D:14     | 25419 ||| FLEEEEING.
 25420 | D:14     | 25420 ||| FLEEEEING.
 25421 | D:14     | 25421 ||| FLEEEEING.
 25428 | D:14     | 25428 ||| FLEEEEING.
 25431 | D:14     | 25431 ||| FLEEEEING.
 25432 | D:14     | 25432 ||| FLEEEEING.
 25439 | D:14     | Reached skill level 19 in Shields
 25439 | D:14     | 25439 ||| FLEEEEING.
 25441 | D:14     | 25441 ||| FLEEEEING.
 25442 | D:14     | 25442 ||| FLEEEEING.
 25443 | D:14     | 25443 ||| FLEEEEING.
 25535 | D:14     | 25535 ||| Stepping ~*~*~tactically~*~*~ (stealth).
 25536 | D:14     | 25536 ||| Stepping ~*~*~tactically~*~*~ (stealth).
 25538 | D:14     | 25538 ||| Stepping ~*~*~tactically~*~*~ (hiding).
 25804 | D:14     | 25804 ||| READING scroll labelled FOIDIH ISENAU.
 25805 | D:14     | 25805 ||| READING 10 scrolls of identify.
 25805 | D:14     | 25805 ||| IDENTIFYING fuming cyan potion
 25833 | D:15     | Entered Level 15 of the Dungeon
 25836 | D:15     | 25836 ||| Stepping ~*~*~tactically~*~*~ (hiding).
 25839 | D:15     | 25839 ||| INVOKING Berserk.
 25877 | D:15     | 25877 ||| FLEEEEING.
 25878 | D:15     | 25878 ||| STAIRDANCE
 25982 | D:15     | 25982 ||| INVOKING Berserk.
 25988 | D:15     | 25988 ||| STAIRDANCE
 26101 | D:15     | 26101 ||| Stepping ~*~*~tactically~*~*~ (hiding).
 26102 | D:15     | 26102 ||| Stepping ~*~*~tactically~*~*~ (stealth).
 26110 | D:15     | 26110 ||| Stepping ~*~*~tactically~*~*~ (stealth).
 26111 | D:15     | 26111 ||| Stepping ~*~*~tactically~*~*~ (stealth).
 26115 | D:15     | 26115 ||| Stepping ~*~*~tactically~*~*~ (stealth).
 26119 | D:15     | 26119 ||| Stepping ~*~*~tactically~*~*~ (stealth).
 26137 | D:15     | 26137 ||| SWAPPING to +0 broad axe.
 26138 | D:15     | 26138 ||| INVOKING Berserk.
 26244 | D:15     | 26244 ||| DROPPING +2 war axe.
 26245 | D:15     | 26245 ||| DROPPING +11 hand axe "Tuxykk" {elec, rN++}.
 26246 | D:15     | 26246 ||| READING 2 scrolls of enchant weapon.
 26246 | D:15     | 26246 ||| ENCHANTING +0 broad axe.
 26247 | D:15     | 26247 ||| READING scroll of enchant weapon.
 26247 | D:15     | 26247 ||| ENCHANTING +1 broad axe.
 26293 | D:15     | 26293 ||| FLEEEEING.
 26294 | D:15     | 26294 ||| FLEEEEING.
 26295 | D:15     | 26295 ||| FLEEEEING.
 26411 | D:15     | 26411 ||| Stepping ~*~*~tactically~*~*~ (stealth).
 26414 | D:15     | 26414 ||| Stepping ~*~*~tactically~*~*~ (stealth).
 26415 | D:15     | 26415 ||| INVOKING Berserk.
 26648 | D:15     | Reached skill level 15 in Axes
 26649 | D:15     | 26649 ||| INVOKING Brothers in Arms.
 26651 | D:15     | 26651 ||| SWAPPING to +2 morningstar of protection.
 26652 | D:15     | 26652 ||| INVOKING Berserk.
 26658 | D:15     | 26658 ||| SWAPPING to +2 broad axe.
 26828 | D:15     | Noticed Louise
 26829 | D:15     | 26829 ||| INVOKING Trog's Hand.
 26833 | D:15     | 26833 ||| INVOKING Berserk.
 26856 | D:15     | 26856 ||| INVOKING Trog's Hand.
 26863 | D:15     | 26863 ||| INVOKING Trog's Hand.
 26869 | D:15     | Killed Louise
 26972 | D:15     | 26972 ||| DROPPING +2 morningstar of protection.
 27260 | D:15     | 27260 ||| FLEEEEING.
 27261 | D:15     | 27261 ||| FLEEEEING.
 27295 | D:15     | Found a staircase to the Depths.
 27298 | D:15     | 27298 ||| INVOKING Berserk.
 27490 | D:15     | 27490 ||| PLANNING ORC
 27589 | Orc:1    | Entered Level 1 of the Orcish Mines
 27697 | Orc:2    | Entered Level 2 of the Orcish Mines
 27705 | Orc:2    | 27705 ||| DRINKING 8 potions of curing.
 27705 | Orc:2    | 27705 ||| (to cure confusion)
 27833 | Orc:2    | 27833 ||| Stepping ~*~*~tactically~*~*~ (hiding).
 27838 | Orc:2    | 27838 ||| Stepping ~*~*~tactically~*~*~ (hiding).
 27840 | Orc:2    | 27840 ||| Stepping ~*~*~tactically~*~*~ (hiding).
 27844 | Orc:2    | 27844 ||| INVOKING Berserk.
 27855 | Orc:2    | 27855 ||| Stepping ~*~*~tactically~*~*~ (stealth).
 27864 | Orc:2    | 27864 ||| Stepping ~*~*~tactically~*~*~ (stealth).
 27878 | Orc:2    | 27878 ||| INVOKING Trog's Hand.
 27920 | Orc:2    | 27920 ||| INVOKING Trog's Hand.
 27922 | Orc:2    | Noticed an orc warlord
 27923 | Orc:2    | 27923 ||| INVOKING Berserk.
 27939 | Orc:2    | Noticed Urug
 27948 | Orc:2    | Killed an orc warlord
 27961 | Orc:2    | Killed Urug
 27965 | Orc:2    | 27965 ||| INVOKING Trog's Hand.
 27966 | Orc:2    | 27966 ||| INVOKING Brothers in Arms.
 27966 | Orc:2    | HP: 18/144 [orc sorcerer/bolt of fire (26)]
 27967 | Orc:2    | 27967 ||| READING 8 scrolls of teleportation.
 27968 | Orc:2    | 27968 ||| DRINKING 6 potions of heal wounds.
 28050 | Orc:2    | 28050 ||| INVOKING Trog's Hand.
 28053 | Orc:2    | 28053 ||| INVOKING Berserk.
 28055 | Orc:2    | Found Idyv's Antique Armour Shop.
 28172 | Orc:2    | Found Siwkasau's Antique Weapon Shop.
 28177 | Orc:2    | Found Ulecunn's Jewellery Shop.
 28196 | Orc:2    | 28196 ||| BUYING +4 ring of slaying (1248 gold).
 28196 | Orc:2    | Bought a +4 ring of slaying for 1248 gold pieces
 28196 | Orc:2    | 28196 ||| BUYING ring of poison resistance (320 gold).
 28196 | Orc:2    | Bought a ring of poison resistance for 320 gold pieces
 28250 | Orc:2    | 28250 ||| Stepping ~*~*~tactically~*~*~ (stealth).
 28252 | Orc:2    | 28252 ||| Stepping ~*~*~tactically~*~*~ (hiding).
 28264 | Orc:2    | 28264 ||| INVOKING Trog's Hand.
 28267 | Orc:2    | 28267 ||| INVOKING Berserk.
 28474 | Orc:2    | Found Lietised's General Store.
 28527 | Orc:2    | 28527 ||| Stepping ~*~*~tactically~*~*~ (stealth).
 28529 | Orc:2    | 28529 ||| Stepping ~*~*~tactically~*~*~ (stealth).
 28531 | Orc:2    | 28531 ||| Stepping ~*~*~tactically~*~*~ (hiding).
 28532 | Orc:2    | 28532 ||| Stepping ~*~*~tactically~*~*~ (hiding).
 28533 | Orc:2    | 28533 ||| Stepping ~*~*~tactically~*~*~ (hiding).
 28540 | Orc:2    | 28540 ||| INVOKING Berserk.
 28699 | Orc:2    | Found Loefam's General Store.
 28710 | Orc:2    | 28710 ||| DROPPING +6 ring of strength.
 28711 | Orc:2    | 28711 ||| READING 7 scrolls of teleportation.
 28713 | Orc:2    | 28713 ||| FLEEEEING.
 28786 | Orc:2    | 28786 ||| Stepping ~*~*~tactically~*~*~ (stealth).
 28794 | Orc:2    | 28794 ||| Stepping ~*~*~tactically~*~*~ (stealth).
 28795 | Orc:2    | 28795 ||| Stepping ~*~*~tactically~*~*~ (stealth).
 28796 | Orc:2    | 28796 ||| Stepping ~*~*~tactically~*~*~ (stealth).
 28803 | Orc:2    | Found a staircase to the Elven Halls.
 28854 | Orc:2    | 28854 ||| BUYING potion of heal wounds (65 gold).
 28854 | Orc:2    | Bought a potion of heal wounds for 65 gold pieces
 28854 | Orc:2    | 28854 ||| BUYING potion of might (52 gold).
 28854 | Orc:2    | Bought a potion of might for 52 gold pieces
 28854 | Orc:2    | 28854 ||| SHOPLISTING scroll of identify (26 gold, have
                  | 20).
 29070 | Orc:1    | 29070 ||| Stepping ~*~*~tactically~*~*~ (hiding).
 29213 | Orc:1    | 29213 ||| Stepping ~*~*~tactically~*~*~ (hiding).
 29481 | Orc:1    | 29481 ||| Stepping ~*~*~tactically~*~*~ (hiding).
 29511 | Orc:1    | 29511 ||| Stepping ~*~*~tactically~*~*~ (hiding).
 29520 | Orc:1    | 29520 ||| Stepping ~*~*~tactically~*~*~ (stealth).
 29524 | Orc:1    | 29524 ||| INVOKING Berserk.
 29557 | Orc:1    | Reached XP level 16. HP: 143/151 MP: 15/15
 29557 | Orc:1    | 29557 ||| Stepping ~*~*~tactically~*~*~ (water).
 30018 | Orc:1    | 30018 ||| PLANNING SHOALS:1-3
 30189 | Shoals:1 | Entered Level 1 of the Shoals
 30339 | Shoals:1 | 30339 ||| Stepping ~*~*~tactically~*~*~ (hiding).
 30340 | Shoals:1 | 30340 ||| Stepping ~*~*~tactically~*~*~ (hiding).
 30341 | Shoals:1 | 30341 ||| INVOKING Trog's Hand.
 30342 | Shoals:1 | 30342 ||| INVOKING Brothers in Arms.
 30377 | Shoals:1 | Noticed Josephine
 30381 | Shoals:1 | 30381 ||| INVOKING Berserk.
 30387 | Shoals:1 | Killed Josephine
 30387 | Shoals:1 | Received a gift from Trog
 30398 | Shoals:1 | 30398 ||| INVOKING Brothers in Arms.
 30455 | Shoals:1 | 30455 ||| DROPPING +4 vorpal war axe.
 30528 | Shoals:1 | 30528 ||| Stepping ~*~*~tactically~*~*~ (hiding).
 30529 | Shoals:1 | 30529 ||| Stepping ~*~*~tactically~*~*~ (hiding).
 30757 | Shoals:1 | Reached skill level 18 in Axes
 30761 | Shoals:1 | 30761 ||| Stepping ~*~*~tactically~*~*~ (water).
 30767 | Shoals:1 | 30767 ||| INVOKING Brothers in Arms.
 30773 | Shoals:1 | 30773 ||| INVOKING Berserk.
 30793 | Shoals:1 | HP: 32/151 [merfolk javelineer/javelin (13)]
 30794 | Shoals:1 | 30794 ||| READING 6 scrolls of teleportation.
 30795 | Shoals:1 | 30795 ||| DRINKING 6 potions of heal wounds.
 30905 | Shoals:1 | 30905 ||| INVOKING Berserk.
 31074 | Shoals:1 | 31074 ||| INVOKING Berserk.
 31104 | Shoals:1 | HP: 22/151 [alligator snapping turtle (31)]
 31105 | Shoals:1 | 31105 ||| READING 5 scrolls of teleportation.
 31106 | Shoals:1 | 31106 ||| DRINKING 5 potions of heal wounds.
 31107 | Shoals:1 | 31107 ||| DRINKING 4 potions of heal wounds.
 31125 | Shoals:1 | 31125 ||| Stepping ~*~*~tactically~*~*~ (stealth).
 31258 | Shoals:1 | 31258 ||| INVOKING Trog's Hand.
 31262 | Shoals:1 | 31262 ||| INVOKING Berserk.
 31388 | Shoals:1 | 31388 ||| Stepping ~*~*~tactically~*~*~ (stealth).
 31395 | Shoals:1 | 31395 ||| INVOKING Berserk.
 31425 | Shoals:1 | Reached skill level 9 in Throwing
 31622 | Shoals:2 | 31622 ||| INVOKING Berserk.
 31658 | Shoals:2 | 31658 ||| FLEEEEING.
 31659 | Shoals:2 | 31659 ||| FLEEEEING.
 31660 | Shoals:2 | 31660 ||| STAIRDANCE
 31769 | Shoals:2 | Found Sahiz's Assorted Antiques.
 31823 | Shoals:2 | 31823 ||| READING scroll of enchant armour.
 31823 | Shoals:2 | 31823 ||| ENCHANTING +1 hat.
 31844 | Shoals:2 | 31844 ||| FLEEEEING.
 31930 | Shoals:2 | Reached skill level 15 in Armour
 31970 | Shoals:2 | 31970 ||| Stepping ~*~*~tactically~*~*~ (hiding).
 32097 | Shoals:2 | 32097 ||| INVOKING Trog's Hand.
 32123 | Shoals:2 | 32123 ||| INVOKING Trog's Hand.
 32123 | Shoals:2 | HP: 36/151 [drowned by a drowned soul[a merfolk avatar]
                  | (14)]
 32124 | Shoals:2 | 32124 ||| READING 4 scrolls of teleportation.
 32125 | Shoals:2 | 32125 ||| DRINKING 3 potions of heal wounds.
 32365 | Shoals:3 | 32365 ||| INVOKING Berserk.
 32378 | Shoals:3 | 32378 ||| INVOKING Trog's Hand.
 32393 | Shoals:3 | 32393 ||| INVOKING Trog's Hand.
 32485 | Shoals:3 | 32485 ||| INVOKING Berserk.
 32524 | Shoals:3 | HP: 30/152 [wind drake/the air (26)]
 32525 | Shoals:3 | 32525 ||| READING 3 scrolls of teleportation.
 32526 | Shoals:3 | 32526 ||| DRINKING 2 potions of heal wounds.
 32668 | Shoals:3 | 32668 ||| Stepping ~*~*~tactically~*~*~ (hiding).
 32670 | Shoals:3 | 32670 ||| Stepping ~*~*~tactically~*~*~ (hiding).
 32780 | Shoals:3 | 32780 ||| INVOKING Trog's Hand.
 32780 | Shoals:3 | Noticed Polyphemus
 32787 | Shoals:3 | 32787 ||| Stepping ~*~*~tactically~*~*~ (cloud).
 32788 | Shoals:3 | 32788 ||| Stepping ~*~*~tactically~*~*~ (cloud).
 32790 | Shoals:3 | 32790 ||| INVOKING Berserk.
 32822 | Shoals:3 | HP: 30/155 [merfolk/+0 trident (9)]
 32823 | Shoals:3 | 32823 ||| DRINKING potion of heal wounds.
 32824 | Shoals:3 | HP: 6/155 [drowned by a water elemental[a merfolk
                  | aquamancer] (10)]
 32825 | Shoals:3 | Drowned by a water elemental

Levels and vault maps discovered:
D:1:      amcnicky_arrival_double_pillar, layout_basic
D:2:      layout_loops_cross, uniq_robin, uniq_crazy_yiuf_cottage
D:3:      cheibrodos_helix_gallery, layout_basic,
          dilly_ecumenical_altar_fadedgnrine, uniq_ijyb, uniq_natasha
D:4:      layout_loops_ring, lemuel_mausoleum_altar_yredelemnul
D:5:      layout_layer_cave, serial_shops, nicolae_shop_window_shopping,
          hangedman_abyss_or_decor_passed, uniq_menkaure, uniq_duvessa,
          uniq_grinder, uniq_eustachio, uniq_sigmund, uniq_prince_ribbit1
D:6:      layout_layer_cave, vehumet_altar_wand_db, minmay_temple_entry_waves
D:7:      layout_cave_pods, mainiacjoe_overflow_24_doors
D:8:      layout_loops_cross, pdpol_wu_jian_five_deadly_venoms,
          mainiacjoe_overflow_surrounded_room
D:9:      layout_roguey, lemuel_round_altar, kennysheep_mini
D:10:     layout_roguey, nicolae_overflow_crystal_walls,
          lemuel_coloured_pillars_altar, uniq_fannar
D:11:     layout_layer_cave, lair_entry_dummy, uniq_nergalle
D:12:     minmay_the_grid_triangle_9x9_rhombus_thin_mashed
          [minmay_the_grid_triangle_9x9_from_above,
          minmay_the_grid_triangle_9x9_prize_special,
          minmay_the_grid_triangle_9x9_zippers_horizontal,
          minmay_the_grid_triangle_9x9_tough_junction], layout_stronghold,
          david_orc_3
D:13:     layout_basic, serial_bayou, serial_bayou_pond_d, serial_bayou_pond_b,
          serial_bayou_pond_b, serial_bayou_pond_e, nicolae_uskayaw_suspiria
D:14:     layout_basic, david_vaults_1, small_statue_intersection,
          chequers_big_river, minmay_splitting_lines, hangedman_decor_opposing,
          uniq_roxanne, uniq_snorg
D:15:     grunt_enter_depths_snipers, layout_basic, uniq_louise
Lair:1:   layout_regular_city, serial_bayou_shore_b, grunt_megastairs_5
Lair:2:   layout_roguey, guppyfry_snake_entry_garden,
          nicolae_volcano_entry_vermiform, infiniplex_staircase_pool_2,
          uniq_erica, uniq_amaemon
Lair:3:   layout_cave_pods, elwin_shoals_entry_rocks
Lair:4:   layout_misc_corridors, gammafunk_ghost_hydra_chop
Lair:5:   hangedman_lair_caniforms_friends, layout_gridlike,
          hangedman_lair_in_review, slime_entry_1, grunt_megastairs_1,
          infiniplex_staircase_pool, serial_bayou_shore_b
Shoals:1: layout_shoals, uniq_josephine
Shoals:2: layout_shoals, serial_shops, nicolae_take_the_stairs
Shoals:3: layout_shoals, nicolae_shoals_seven_spires,
          nicolae_shoals_stone_sculpture_thing, nicolae_shoals_hunting_party,
          uniq_polyphemus
Orc:1:    nicolae_orc_accident_1, layout_caves, nicolae_orc_flooded_monolith
Orc:2:    grunt_orc_cross, layout_diamond_mine, serial_shops,
          nicolae_shop_hallway_plus

Skill      XL: |  1  2  3  4  5  6  7  8  9 10 11 12 13 14 15 16 |
---------------+-------------------------------------------------+-----
Axes           | 4 5 6 7 9 11 13 14 16 18 | 18.0
Fighting       | 4 5 6 8 9 11 12 15 16 17 | 17.0
Shields        | 2 5 9 10 11 13 14 15 17 18 19 | 19.0
Armour         | 4 6 7 10 12 14 15 | 15.0
Throwing       | 1 4 5 7 8 9 |  9.0
Dodging        | 3 4 5 6 |  6.9

Action                   |  1- 3 |  4- 6 |  7- 9 | 10-12 | 13-15 | 16-18 || total
-------------------------+-------+-------+-------+-------+-------+-------++-------
Melee: Hand axe          |    70 |   124 |   133 |   346 |   785 |       ||  1458
       Headbutt          |     8 |    22 |    52 |    75 |   227 |    97 ||   481
       Punch             |       |     2 |       |       |       |       ||     2
       War axe           |       |       |    81 |    61 |       |       ||   142
       Morningstar       |       |       |       |     5 |    43 |       ||    48
       Broad axe         |       |       |       |       |   277 |   441 ||   718
Throw: Boomerang         |    13 |    35 |    37 |    84 |   129 |     3 ||   301
       Javelin           |       |       |       |    28 |    92 |     7 ||   127
Invok: Berserk           |     3 |     5 |     9 |    27 |    42 |    10 ||    96
       Trog's Hand       |       |       |     1 |       |    11 |     7 ||    19
       Brothers in Arms  |       |       |       |     2 |     5 |     3 ||    10
  Use: Scroll            |     6 |     2 |     6 |    10 |     9 |     5 ||    38
       Potion            |     1 |     2 |     3 |     1 |     3 |     6 ||    16
 Stab: Petrified         |       |       |       |       |       |     7 ||     7
       Petrifying        |       |       |       |       |       |     2 ||     2
       Distracted        |       |       |       |       |       |     1 ||     1
Armor: Animal skin       |     6 |       |       |       |       |       ||     6
       Ring mail         |     5 |       |       |       |       |       ||     5
       Chain mail        |     1 |    28 |    69 |    22 |       |       ||   120
       Plate armour      |       |       |       |    74 |   319 |   230 ||   623
Dodge: Dodged            |    41 |    28 |    45 |    80 |   256 |   152 ||   602
Block: Tower shield      |       |    36 |   166 |   242 |   809 |   451 ||  1704

Table legend:
 A = Non-vault XP
 B = Vault XP
 C = Vault XP percentage of total XP
 D = Non-vault monster count
 E = Vault monster count
 F = Vault count percentage of total count
                 A         B        C        D         E       F
            +---------+---------+-------+---------+---------+-------
      Total |  126187 |   65802 |  34.3 |     597 |     221 |  27.0
            +---------+---------+-------+---------+---------+-------
        D:1 |      33 |       0 |   0.0 |      21 |       0 |   0.0
        D:2 |      24 |      34 |  58.6 |       9 |      11 |  55.0
        D:3 |     141 |      76 |  35.0 |      22 |       4 |  15.4
        D:4 |     296 |     519 |  63.7 |      17 |      12 |  41.4
        D:5 |     516 |    1334 |  72.1 |      12 |       7 |  36.8
        D:6 |    2078 |       1 |   0.0 |      26 |       1 |   3.7
        D:7 |    1454 |       0 |   0.0 |      33 |       0 |   0.0
        D:8 |    2290 |       0 |   0.0 |      21 |       0 |   0.0
        D:9 |    2563 |       0 |   0.0 |      31 |       0 |   0.0
       D:10 |    4192 |     883 |  17.4 |      23 |       1 |   4.2
       D:11 |    2620 |     781 |  23.0 |       7 |       1 |  12.5
       D:12 |    5416 |    7262 |  57.3 |      13 |      22 |  62.9
       D:13 |    4147 |    5528 |  57.1 |      14 |      11 |  44.0
       D:14 |   11778 |    4898 |  29.4 |      31 |       7 |  18.4
       D:15 |    9471 |    3908 |  29.2 |      28 |       4 |  12.5
     Lair:1 |    5446 |    1647 |  23.2 |      22 |       3 |  12.0
     Lair:2 |    7826 |    3002 |  27.7 |      24 |       6 |  20.0
     Lair:3 |    4883 |       0 |   0.0 |      26 |       0 |   0.0
     Lair:4 |    5601 |       0 |   0.0 |      19 |       0 |   0.0
     Lair:5 |   17400 |   21433 |  55.2 |      55 |      79 |  59.0
   Shoals:1 |   17128 |    1524 |   8.2 |      34 |       4 |  10.5
   Shoals:2 |    5836 |       0 |   0.0 |      13 |       0 |   0.0
   Shoals:3 |    8515 |    4947 |  36.7 |      15 |       7 |  31.8
      Orc:1 |    2732 |     534 |  16.4 |      34 |       4 |  10.5
      Orc:2 |    3801 |    7491 |  66.3 |      47 |      37 |  44.0
            +---------+---------+-------+---------+---------+-------
